 Dungeon Crawl Stone Soup version 0.28.0-53-g5a82cb258f (webtiles) character file.

Game seed: 5959703859194276453

1547 Woods the Grave Robber (level 8, -5/49 HPs)
             Began as a Deep Elf Necromancer on June 7, 2022.
             Slain by a bullfrog (6 damage)
             ... on level 6 of the Dungeon.
             The game lasted 00:13:15 (8294 turns).

Woods the Grave Robber (Deep Elf Necromancer)       Turns: 8294, Time: 00:13:15

Health: -5/49      AC:  6    Str:  5    XL:     8   Next: 57%
Magic:  20/20      EV: 14    Int: 23    God:
Gold:   184        SH:  0    Dex: 15    Spells: 12/20 levels left

rFire   . . .      SeeInvis .   q - +4 quarterstaff (chaos)
rCold   . . .      Faith    .   (shield currently unavailable)
rNeg    . . .      Spirit   .   a - +0 robe
rPois   .          Reflect  .   g - +1 helmet
rElec   .          Harm     .   r - +0 cloak
rCorr   .          Rampage  .   d - +0 pair of gloves
Will    .....                   (no boots)
Stlth   +++.......              (no amulet)
HPRegen 0.16/turn               (no ring)
MPRegen 0.17/turn               (no ring)

@: no status effects
A: no striking features
a: no special abilities


You were on level 6 of the Dungeon.
You visited 1 branch of the dungeon, and saw 6 of its levels.

You collected 266 gold pieces.
You spent 82 gold pieces at shops.

Inventory:

Hand Weapons
 q - a +4 quarterstaff of chaos (weapon)
Armour
 a - a +0 robe (worn)
 d - a +0 pair of gloves (worn)
 g - a +1 helmet (worn)
 r - a +0 cloak (worn)
Wands
 t - a wand of digging (6)
 y - a wand of flame (11)
Scrolls
 e - a scroll of torment {unknown}
 f - a scroll of summoning {unknown}
 h - a scroll of blinking {unknown}
 i - a scroll of identify
 n - 4 scrolls of magic mapping
 p - a scroll of silence {unknown}
 u - 3 scrolls of fear
 v - a scroll of fog {unknown}
Potions
 b - 2 potions of curing {unknown}
 c - 3 potions of heal wounds
 j - 4 potions of mutation
 k - a potion of lignification {unknown}
 l - a potion of might {unknown}
 m - a potion of attraction {unknown}
 s - 3 potions of berserk rage {unknown}
 w - a potion of ambrosia {unknown}
 x - a potion of invisibility {unknown}
 z - a potion of brilliance


   Skills:
 - Level 5.0 Fighting
 - Level 5.0 Dodging
 * Level 6.8 Stealth
 + Level 6.9 Spellcasting
 - Level 7.0 Necromancy


You had 12 spell levels left.
You knew the following spells:

 Your Spells              Type           Power      Damage    Failure   Level
a - Pain                  Necr           100%       1d9       1%          1
b - Vampiric Draining     Necr           40%        2d8       1%          3
c - Animate Dead          Necr           20%        N/A       4%          4

Your spell library contained the following spells:

 Spells                   Type           Power      Damage    Failure   Level
 Animate Skeleton         Necr           80%        N/A       1%          1
 Agony                    Necr           40%        N/A       12%         5


Dungeon Overview and Level Annotations

Branches:
Dungeon (6/15)
 Temple: D:4-7

Altars:
Dithmenos
Fedhas
Makhleb
Nemelex Xobeh
Qazlal
Uskayaw
Wu Jian
Zin
The Shining One

Shops:
D:6 *


Message History

c - 3 potions of heal wounds
As you read the scroll of identify, it crumbles to dust.
o - 3 potions of degeneration
As you read the scroll of identify, it crumbles to dust.
j - 4 potions of mutation
There is a fountain of clear blue water here.
A bullfrog comes into view.
The bullfrog croaks.
The bullfrog moves out of view.
You drop 3 potions of degeneration.
Aiming: Pain (safe; 1% risk of failure)
Press: ? - help, Q - select action, (/) - cycle Shift-Dir - straight line, f - bullfrog
Aim: a bullfrog (chance to affect: 83%)
The bullfrog barely resists.
The bullfrog misses you.
An orc wizard comes into view. It is wielding a +0 falchion.
Aiming: Pain (safe; 1% risk of failure)
Press: ? - help, Q - select action, (/) - cycle Shift-Dir - straight line, f/p - bullfrog
Aim: a bullfrog (chance to affect: 83%)
Okay, then.
The bullfrog hits you!
You see here 3 potions of degeneration.
The bullfrog hits you.
The centaur shouts!
The centaur shoots an arrow.
The arrow barely misses you.
The centaur shoots an arrow.
The arrow hits you!
The bullfrog hits you but does no damage.
There is a fountain of clear blue water here.
The centaur shoots an arrow.
The arrow hits you!
The centaur shoots an arrow.
The arrow hits you.
The bullfrog releases a deep croak.
The centaur shoots an arrow.
The arrow barely misses you.
The centaur shoots an arrow.
The arrow misses you. The bullfrog hits you.
* * * LOW HITPOINT WARNING * * *
The bullfrog hits you.
* * * LOW HITPOINT WARNING * * *
The centaur shoots an arrow.
The arrow hits you!
* * * LOW HITPOINT WARNING * * *
The bullfrog hits you.
You die...

.....'#.#.#####........# '.
....#........'..<.....# .#..
....#c.....##........#
.#.#.#+#.#'......##........###
..#.#.#.#.#......''.....>.....
...#.#.#.⌠.⌠.....##........†..
...#.#...∩......##...........
....#.#.⌠.⌠.F...##...........
#. #.....#..@...##...........
#..#..!#.......##.)...(.....
#'...+#.#.########........
......?..#.#.## #########
...+......#.#.# .. #.....#.#
## #.#+#.#.#.# #.# .#.#.#..
#.# # # # #..


You could see a bullfrog and a centaur.

Vanquished Creatures
  A water moccasin (D:5)
  A sky beast (D:6)
  A black bear (D:5)
  An ogre (D:6)
  A phantom (D:6)
  2 bullfrogs
  3 scorpions (D:5)
  A jelly (D:6)
  A howler monkey (D:5)
  2 bullfrog zombies
  4 hounds
  Crazy Yiuf (D:3)
  2 orc priests (D:3)
  A gnoll shaman (D:5)
  A centaur skeleton (D:5)
  2 iguanas (D:5)
  2 orc wizards (D:3)
  2 hound skeletons
  A howler monkey zombie (D:5)
  5 adders
  9 gnolls
  A white imp (D:5)
  2 adder skeletons (D:4)
  2 worms
  3 dart slugs
  14 orcs
  4 endoplasms
  6 goblins
  6 hobgoblins
  4 jackals (D:3)
  5 kobolds
  5 quokkas
  8 ball pythons
  2 bats
  2 frilled lizards
  3 rats
111 creatures vanquished.

Vanquished Creatures (collateral kills)
  A bat (D:3)
1 creature vanquished.

Grand Total: 112 creatures vanquished

Notes
Turn   | Place    | Note
-------+----------+-------------------------------------------
     0 | D:1      | Woods the Deep Elf Necromancer began the quest for the Orb.
     0 | D:1      | Reached XP level 1. HP: 10/10 MP: 6/6
   798 | D:1      | Found a faded altar of an unknown god.
   909 | D:1      | Reached skill level 5 in Necromancy
   909 | D:1      | Reached XP level 2. HP: 14/15 MP: 6/8
  1800 | D:2      | Reached XP level 3. HP: 18/19 MP: 8/10
  1831 | D:2      | Learned a level 3 spell: Vampiric Draining
  2432 | D:3      | Found a runed translucent door.
  2433 | D:3      | Noticed Crazy Yiuf
  2902 | D:3      | Reached XP level 4. HP: 20/24 MP: 8/12
  2910 | D:3      | Learned a level 4 spell: Animate Dead
  2946 | D:3      | Found a stormy altar of Qazlal.
  3151 | D:3      | Found a glowing golden altar of the Shining One.
  3151 | D:3      | Found a shadowy altar of Dithmenos.
  3154 | D:3      | Found a sparkling altar of Nemelex Xobeh.
  3305 | D:2      | Reached XP level 5. HP: 3/28 MP: 3/13
  3996 | D:3      | Found a glowing silver altar of Zin.
  4011 | D:3      | Found a burning altar of Makhleb.
  4011 | D:3      | Noticed a blizzard demon
  4014 | D:3      | Noticed a smoke demon
  4014 | D:3      | Noticed a hellwing
  4331 | D:3      | Found an ornate altar of the Wu Jian Council.
  4346 | D:3      | Found a blossoming altar of Fedhas.
  4572 | D:3      | Killed Crazy Yiuf
  4573 | D:3      | Reached skill level 5 in Spellcasting
  4573 | D:3      | Reached skill level 6 in Necromancy
  4573 | D:3      | Reached XP level 6. HP: 3/32 MP: 8/15
  5938 | D:5      | Entered Level 5 of the Dungeon
  5955 | D:5      | Reached skill level 5 in Stealth
  6306 | D:5      | Reached skill level 5 in Dodging
  6426 | D:5      | Reached XP level 7. HP: 32/36 MP: 14/18
  6466 | D:5      | Reached skill level 7 in Necromancy
  6466 | D:5      | Reached skill level 1 in Fighting
  7112 | D:5      | Reached XP level 8. HP: 42/48 MP: 15/19
  7226 | D:5      | Found a hide-covered altar of Uskayaw.
  7502 | D:6      | Found Biodez's General Store.
  7570 | D:5      | Reached skill level 5 in Fighting
  8267 | D:6      | Bought a potion of brilliance for 44 gold pieces
  8267 | D:6      | Bought a scroll of magic mapping for 38 gold pieces
  8293 | D:6      | HP: 1/49 [centaur/arrow (9)]
  8294 | D:6      | Slain by a bullfrog

Illustrated notes

Levels and vault maps discovered:
D:1:      minmay_arrival_stone_box, layout_loops_corners,
          hellmonk_ecumenical_altar_pennies_from_heaven, minivault_4,
          nrook_loot_triangle, minmay_cut_off
D:2:      layout_rooms, serial_corexii_hall, corexii_hall_statues_l,
          corexii_hall_statues_i, chequers_hall_statues_y,
          chequers_hall_statues_y, corexii_hall_statues_x,
          corexii_hall_statues_deadend, minmay_misc_feat_x
D:3:      layout_loops_ring, old_standard_altar, makhleb_altar_promises_db,
          nicolae_overflow_quartered_altars, mainiacjoe_overflow_swirl,
          uniq_crazy_yiuf_cottage
D:4:      layout_loops_corners
D:5:      layout_basic, general_overflow_altar, serial_corexii_hall,
          chequers_hall_statues_corner_a, corexii_hall_statues_l,
          nicolae_concentric_dashed_squares_mild
D:6:      layout_basic, okawaru_ov_weapons_minmay, mainiacjoe_overflow_24_doors,
          serial_shops, shop_fountains

Skill      XL: |  1  2  3  4  5  6  7  8 |
---------------+-------------------------+-----
Necromancy     | 5 6 7 |  7.0
Stealth        | 3 4 5 6 |  6.8
Dodging        | 3 4 5 |  5.0
Spellcasting   | 4 5 6 |  6.9
Fighting       | 4 5 |  5.0

Action                   |  1- 3 |  4- 6 |  7- 9 || total
-------------------------+-------+-------+-------++-------
Melee: Quarterstaff      |       |    38 |    54 ||    92
 Cast: Pain              |    58 |    94 |    70 ||   222
       Animate Dead      |       |     3 |       ||     3
  Use: Scroll            |       |       |     4 ||     4
 Stab: Sleeping          |       |     8 |       ||     8
       Distracted        |       |     1 |       ||     1
Armor: Robe              |     2 |    22 |    35 ||    59
Dodge: Dodged            |    10 |    65 |    89 ||   164
